 Dungeon Crawl Stone Soup version 0.32-a0-913-g739538afd8 (webtiles) character file.

Game seed: 3689915921092159354

23968 mdonais the Spear-Bearer (level 12, -3/112 HPs)
             Began as a Mountain Dwarf Summoner on Apr 5, 2024.
             Was an Elder of Lugonu.
             Succumbed to a black mamba's poison
             ... on level 2 of the Lair of Beasts on Apr 8, 2024.
             The game lasted 01:16:04 (17885 turns).

mdonais the Spear-Bearer (Mountain Dwarf Summoner) Turns: 17885, Time: 01:16:05

Health: -3/112     AC: 23    Str: 15    XL:     12   Next: 76%
Magic:  8/18       EV:  7    Int: 17    God:    Lugonu [****..]
Gold:   488        SH:  0    Dex: 19    Spells: 9/19 levels left

rFire   + . .        Y - +4 bardiche (flame)
rCold   . . .        (shield currently unavailable)
rNeg    . . .        O - +3 chain mail {rF+}
rPois   .            (no helmet)
rElec   .            h - +1 cloak
rCorr   .            C - +1 pair of gloves "Xaefad" {Dex+3}
SInv    .            R - +0 pair of boots {rampage}
Will    +....        K - amulet of magic regeneration Stlth
                     s - +6 ring of dexterity
HPRegen 0.38/turn    d - +4 ring of protection
MPRegen 0.56/turn

%: rampage
@: lethally poisoned (-3 -> -35), marked, unable to call your familiar, wreathed
by umbra
A: runic magic, artefact enchanting
a: Renounce Religion, Depart the Abyss, Banish, Corrupt


You were on level 2 of the Lair of Beasts.
You worshipped Lugonu.
Lugonu was greatly pleased with you.
You visited 2 branches of the dungeon, and saw 14 of its levels.
You also visited: Sewer and Volcano.

You collected 901 gold pieces.
You spent 413 gold pieces at shops.

Inventory:

Hand Weapons
 Y - a +4 bardiche of flaming (weapon)
   (You found it in a volcano)
Missiles
 t - 12 boomerangs
 u - 15 poisoned darts
 v - 19 javelins (quivered)
 F - a curare-tipped dart
Armour
 h - a +1 cloak (worn)
   (You found it on level 7 of the Dungeon)
 C - the +1 pair of gloves "Xaefad" (worn) {Dex+3}
   (You bought it in a shop on level 7 of the Dungeon)

   Dex+3:     It affects your dexterity (+3).
 O - a +3 chain mail of fire resistance (worn)
   (You took it off a hell knight in a volcano)
 R - a +0 pair of boots of rampaging (worn)
   (You found it on level 1 of the Lair of Beasts)
 U - a +3 plate armour
   (You took it off an orc warrior on level 9 of the Dungeon)
Jewellery
 d - a +4 ring of protection (right hand)
   (You found it on level 6 of the Dungeon)
 r - a ring of ice
   (You found it on level 12 of the Dungeon)
 s - a +6 ring of dexterity (left hand)
   (You found it on level 2 of the Dungeon)
 K - an amulet of magic regeneration (around neck)
   (You took it off Dowan on level 6 of the Dungeon)
 M - an amulet of the acrobat
   (You took it off a kobold on level 4 of the Dungeon)
 S - a ring of flight
   (You found it on level 8 of the Dungeon)
Wands
 z - a wand of polymorph (7)
   (You found it on level 3 of the Dungeon)
 G - a wand of warping (6)
   (You found it on level 5 of the Dungeon)
 P - a wand of paralysis (31)
   (You found it on level 6 of the Dungeon)
 V - a wand of flame (23)
   (You found it on level 4 of the Dungeon)
 Z - a wand of mindburst (2)
   (You took it off Erolcha on level 11 of the Dungeon)
Scrolls
 a - 5 scrolls of immolation
 c - 3 scrolls of poison
 i - a scroll of butterflies
 j - 2 scrolls of silence
 o - 4 scrolls of fog
 D - 2 scrolls of brand weapon
 E - a scroll of vulnerability
 N - 2 scrolls of noise
 T - 3 scrolls of teleportation
 W - a scroll of amnesia
Potions
 b - 3 potions of magic
 f - a potion of cancellation
 k - 3 potions of brilliance
 m - 2 potions of degeneration {unknown}
 n - 5 potions of invisibility {unknown}
 q - 5 potions of might {unknown}
 w - 5 potions of heal wounds {unknown}
 y - 2 potions of ambrosia {unknown}
 A - a potion of berserk rage {unknown}
 H - 2 potions of haste
 L - a potion of enlightenment {unknown}
 Q - 2 potions of curing


   Skills:
 + Level 12.2 Fighting
 + Level 12.8 Polearms
 - Level 8.0 Armour
 - Level 1.3 Dodging
 - Level 1.4 Stealth
 - Level 4.0 Spellcasting
 - Level 8.0 Summonings
 + Level 3.2 Air Magic
 - Level 8.0 Invocations
 - Level 3.0 Evocations


You had 9 spell levels left.
You knew the following spells:

 Your Spells              Type           Power      Damage    Failure   Level
a - Summon Small Mammal   Summ           100%       N/A       1%          1
b - Call Imp              Summ           60%        N/A       1%          2
c - Call Canine Familiar  Summ           30%        N/A       3%          3
d - Summon Lightning Spi  Summ/Air       22%        N/A       28%         4

Your spell library contained the following spells:

 Spells                   Type           Power      Damage    Failure   Level
 Freeze                   Ice            12%        1d3       28%         1
 Summon Blazeheart Golem  Fire/Summ      17%        N/A       47%         4
 Frozen Ramparts          Ice            6%         1d1       63%         3
 Hailstorm                Conj/Ice       3%         3d5       63%         3
 Ozocubu's Armour         Ice            3%         N/A       63%         3
 Sigil of Binding         Hex            3%         N/A       63%         3
 Metabolic Englaciation   Hex/Ice        1%         N/A       100%        5
 Death Channel            Necr           1%         N/A       100%        6
 Sculpt Simulacrum        Ice/Alch       1%         N/A       100%        6
 Orb of Destruction       Conj           1%         9d5       100%        7
 Spellforged Servitor     Conj/Summ      8%         N/A       100%        7


Dungeon Overview and Level Annotations

Branches:
Dungeon (12/15) Zot: 26067  Temple (0/1) D:4            Lair (2/5) D:11 Zot: 9185
 Spider (0/4) Lair:2          Orc (0/2) D:10          Sewer (visited)
Volcano (visited)
  Swamp: Lair:2-3    Shoals: Lair:2-3

Altars:
Ashenzari
Cheibriados
Fedhas
Gozag
Okawaru
Qazlal
Ru
Sif Muna
Uskayaw
Wu Jian
Xom
Zin
Lugonu

Shops:
D:6 [   D:7 *   D:9 (   D:10 *

Annotations:
Lair:2 corrupted


Innate Abilities, Weirdness & Mutations

Your spellcasting is much less encumbered by armour.
You can use scrolls of enchantment on lesser artefacts.


Message History

You feel extremely sick.
You take 7 damage, and have 76/112 hp.
You start resting.
You feel very sick. x4
Magic restored.
You feel sick.
You take 15 damage, and have 61/112 hp.
MP restored: 18 You start resting.
You feel sick. x6
Your lightning spire disappears in a puff of smoke!
You feel sick.
You are no longer poisoned.
You take 5 damage, and have 56/112 hp.
You start resting.
Your familiar recovers from its injuries.
You start resting.
Your cerulean imp disappears in a puff of smoke!
HP restored.
Health restored: 112
Found an escape hatch in the floor.
Casting: Call Imp (safe; 1% risk of failure)
Confirm with . or Enter, or press ? or * to list all spells.
You call for your canine familiar and it appears with a howl!
You now have 15/18 mp.
Magic restored.
Found a stone staircase leading down.
MP restored: 18
Found a stone staircase leading up.
Your inugami looks up at you expectantly.
y - 2 puce potions (gained 1)
A malevolent force fills the Lair of Beasts...
With a horrendous wail, an alarm goes off!
A sentinel's mark forms upon you.
You hear a loud, deep croak! x2; You hear a roar!
You hear an angry hiss.
You hear a loud, deep croak!
Casting: Call Canine Familiar (mildly dangerous; 3% risk of failure)
Confirm with . or Enter, or press ? or * to list all spells.
An electric hum fills the air.
You now have 15/18 mp.
Casting: Summon Lightning Spire (dangerous; 28% risk of failure)
Confirm with . or Enter, or press ? or * to list all spells.
A tiny devil pulls itself out of the air.
You now have 14/18 mp.
You start resting.
Magic restored.
MP restored: 18 You start waiting.
A cane toad comes into view.
Your lightning spire shoots out a bolt of lightning at the cane toad!
The bolt of electricity hits the cane toad!
Your lightning spire shoots out a bolt of lightning at the cane toad!
The bolt of electricity hits the cane toad!
A cane toad comes into view.
Your cerulean imp hits the cane toad but does no damage.
A black mamba comes into view.
Your inugami hits the cane toad.
You could not reach far enough!
Your cerulean imp hits the cane toad but does no damage.
The cane toad stings your cerulean imp!
Your cerulean imp dies!
Your cerulean imp disappears in a puff of smoke!
Your inugami hits the cane toad.
You reach to attack!
You closely miss the cane toad.
The cane toad is severely wounded.
Your lightning spire disappears in a puff of smoke!
A bullfrog comes into view.
Your inugami closely misses the cane toad.
The cane toad barely misses you.
Casting: Call Imp (safe; 1% risk of failure)
Confirm with . or Enter, or press ? or * to list all spells.
A tiny devil pulls itself out of the air.
The black mamba bites you but does no damage.
Your inugami hits the cane toad.
The cane toad stings your cerulean imp but does no damage.
The cane toad barely misses you.
You now have 16/18 mp.
Casting: Call Imp (safe; 1% risk of failure)
Confirm with . or Enter, or press ? or * to list all spells.
An electric hum fills the air.
The black mamba bites you but does no damage.
Your inugami hits the cane toad but does no damage.
The black mamba bites you but does no damage.
The cane toad stings your cerulean imp!!
Your cerulean imp dies!
Your cerulean imp disappears in a puff of smoke!
The cane toad stings you.
You take 1 damage, and have 111/112 hp.
You now have 13/18 mp.
You barely miss the cane toad.
The cane toad is severely wounded.
The black mamba closely misses you. The cane toad stings you.
The black mamba bites you!
Your inugami barely misses the cane toad.
The cane toad closely misses you.
You take 14 damage, and have 97/112 hp.
Casting: Summon Lightning Spire (dangerous; 28% risk of failure)
Confirm with . or Enter, or press ? or * to list all spells.
A tiny devil pulls itself out of the air.
The black mamba bites you!
Your inugami hits the cane toad. The black mamba closely misses you.
The cane toad stings your inugami! The cane toad barely misses you.
You take 11 damage, and have 86/112 hp.
You now have 12/18 mp.
You closely miss the cane toad.
The cane toad is severely wounded.
The black mamba closely misses you.
Your inugami hits the cane toad! The cane toad stings your inugami!!
Your inugami dies!
Your inugami disappears in a puff of smoke!
The black mamba bites you but does no damage.
You closely miss the cane toad.
The cane toad is severely wounded.
The black mamba bites you but does no damage.
The bullfrog hits you. The cane toad stings you!
You are poisoned.
The cane toad poisons you! The black mamba bites you!
Your cerulean imp hits the cane toad but does no damage.
The cane toad stings you!
You are more poisoned.
The cane toad poisons you! The bullfrog hits you.
The black mamba closely misses you. The cane toad stings you.
You take 44 damage, and have 42/112 hp.
MASSIVE DAMAGE!!
You slash the cane toad! You burn the cane toad.
The cane toad is heavily wounded.
* * * LOW HITPOINT WARNING * * *
You feel extremely sick. The black mamba bites you.
* * * LOW HITPOINT WARNING * * *
The bullfrog completely misses you. The cane toad closely misses you.
Your cerulean imp hits the cane toad from afar with a -1 spear.
The cane toad stings you.
* * * LOW HITPOINT WARNING * * *
The black mamba bites you.
* * * LOW HITPOINT WARNING * * *
You are more poisoned.
The black mamba poisons you!
The bullfrog hits you but does no damage.
You take 24 damage, and have 18/112 hp.
MASSIVE DAMAGE!!
Blink to where?
Press: ? - help, Dir - move target, p - cane toad A six-headed hydra comes into view.
As you read the scroll of blinking, it crumbles to dust.
* * * LOW HITPOINT WARNING * * *
You feel extremely sick.
Your lightning spire shoots out a bolt of lightning at the cane toad!
The bolt of electricity hits the cane toad!
Your cerulean imp barely misses the cane toad.
You take 10 damage, and have 8/112 hp.
Activating: Corrupt (16% risk of failure)
Press: ? - help, Dir - look around, f - activate Lugonu's Hand of Corruption reaches out!
You can no longer gate yourself to the Abyss.
You die...

......#.....#......#..##
##....#....#......##...#
##...#......#.###..#...#
#.##..........P#..#...##
........>....3...X.....#
..............#.......##
................Dh.##.5#
...........#.#.Xw#...##
............3.xY@x..#.#
.............#Z#X.A.hX..
###.##.........#..#...##
*****,,.......#.X..x##
**,**,,,..#.#.##2.S..#
**,,***,,...##..,....F##
*,,,,**,,...*#...#xFL#.#
**,,,*,,,..,,#.......5I#
*,,,,**,,,,,*.........##


You could see a six-headed hydra, a black mamba, a cane toad, a neutral profane
servitor (summoned, distracted), a neutral lich (summoned, distracted), a
neutral reaper (summoned, distracted), 5 neutral large abominations, a neutral
smoke demon (summoned, distracted), 2 neutral raiju, a neutral neqoxec
(summoned, distracted), a neutral sky beast (summoned, distracted), 4 neutral
small abominations, a neutral brain worm (summoned, distracted), a neutral
quasit (summoned, wandering), a neutral centaur warrior skeleton (summoned,
distracted) and a friendly cerulean imp (summoned).

Vanquished Creatures
  Erolcha (D:11)
  2 boulder beetles
  2 two-headed ogres (D:8)
  A glowing orange brain (Lair:1)
  Joseph (D:7)
  2 black mambas (Lair:2)
  7 cane toads
  A smoke demon (Volcano)
  3 nameless horrors
  An unseen horror (D:11)
  2 orange demons (D:11)
  2 komodo dragons (Lair:1)
  2 red devils
  2 blink frogs (Lair:2)
  A hornet (D:10)
  7 slime creatures (D:12)
  4 wyverns
  A vampire (D:11)
  A wraith (D:11)
  10 yaks
  A naga (D:8)
  2 water moccasins
  A hell hound (Volcano)
  2 ice beasts
  2 black bears
  4 orc warriors
  A centaur (D:7)
  An ogre (D:5)
  A phantom (D:5)
  A kobold brigand (D:6)
  A gnoll sergeant (D:7)
  7 bullfrogs
  A scorpion (D:5)
  Dowan (D:6)
  6 wights
  3 killer bees (D:9)
  7 electric eels (Lair:2)
  A lava snake (Lair:2)
  A jelly (D:6)
  A gnoll bouda (D:7)
  3 hounds
  4 orc priests
  An iguana (D:7)
  2 orc wizards (D:9)
  6 gnolls
  7 adders
  2 river rats (Sewer)
  A white imp (D:7)
  An ufetubus (D:6)
  A ribbon worm (D:2)
  A dart slug (D:1)
  9 orcs
  2 bats (D:3)
  3 endoplasms
  4 giant cockroaches
  7 goblins
  5 hobgoblins
  A jackal (D:1)
  2 quokkas
  2 ball pythons
  2 frilled lizards
  7 kobolds
  4 rats
175 creatures vanquished.

Vanquished Creatures (collateral kills)
  A hydra (Lair:2)
  A boulder beetle (D:12)
  A hell knight (Volcano)
  Amaemon (Lair:1)
  An ugly thing (Volcano)
  2 orange demons (D:11)
  A cane toad (Lair:2)
  A rime drake (Lair:2)
  2 red devils (D:11)
  A troll (D:12)
  A blink frog (Lair:2)
  4 slime creatures (D:12)
  4 yaks
  A shadow (D:9)
  An acid dragon (D:11)
  2 hell hounds (Volcano)
  Duvessa (D:6)
  A sky beast (D:8)
  A water moccasin (D:7)
  2 ogres (D:5)
  A kobold brigand (D:9)
  2 gnoll sergeants (D:7)
  2 bullfrogs
  A scorpion (D:7)
  3 wights
  A killer bee (D:9)
  2 lava snakes (Lair:2)
  A bombardier beetle (D:6)
  2 jellies (D:4)
  2 orc priests
  Jessica (D:3)
  Terence (D:3)
  2 orc wizards
  A hell rat (Sewer)
  8 gnolls
  An adder (D:6)
  2 river rats (Sewer)
  2 white imps
  An ufetubus (D:6)
  4 ribbon worms
  16 orcs
  3 ball pythons (D:1)
  8 endoplasms
  2 hobgoblins
  2 jackals (D:7)
  8 kobolds
  A quokka (D:4)
  A bat (D:1)
  A frilled lizard (D:1)
  3 goblins
  A rat (Sewer)
116 creatures vanquished.

Grand Total: 291 creatures vanquished

Notes
Turn   | Place    | Note
-------+----------+-------------------------------------------
     0 | D:1      | mdonais the Mountain Dwarf Summoner began the quest for the
                  | Orb.
     0 | D:1      | Reached XP level 1. HP: 14/14 MP: 3/3
    64 | D:1      | Reached skill level 1 in Fighting
   143 | D:1      | Reached XP level 2. HP: 21/24 MP: 1/4
   146 | D:1      | Learned a level 2 spell: Call Imp
  1131 | D:2      | Reached XP level 3. HP: 24/30 MP: 3/6
  1272 | D:2      | Found a faded altar of an unknown god.
  1297 | D:2      | Prayed at the altar of an unknown god.
  1297 | D:2      | Became a worshipper of Lugonu the Unformed
  1297 | D:2      | Reached * piety under Lugonu
  1362 | D:2      | Reached skill level 1 in Invocations
  2018 | D:3      | Reached XP level 4. HP: 25/38 MP: 1/7
  2211 | D:3      | Noticed Jessica
  2230 | D:3      | Learned a level 3 spell: Call Canine Familiar
  2243 | D:3      | Killed Jessica
  2335 | D:3      | Reached skill level 1 in Armour
  2428 | D:3      | Reached XP level 5. HP: 45/46 MP: 2/8
  2557 | D:3      | Noticed Terence
  2582 | D:3      | Killed Terence
  2725 | D:3      | Found a shimmering blue altar of Sif Muna.
  3376 | D:4      | Found a staircase to the Ecumenical Temple.
  3389 | D:4      | Reached ** piety under Lugonu
  3428 | D:4      | Reached skill level 1 in Evocations
  3434 | D:4      | Reached XP level 6. HP: 46/52 MP: 4/9
  4178 | D:5      | Entered Level 5 of the Dungeon
  4185 | D:5      | Found a shimmering altar of Xom.
  4307 | D:5      | Found a broken altar of Ashenzari.
  4419 | D:5      | Found a glowing silver altar of Zin.
  4544 | D:5      | Reached skill level 5 in Summonings
  4622 | D:5      | Reached XP level 7. HP: 60/60 MP: 2/11
  4867 | D:5      | Reached skill level 5 in Fighting
  4993 | D:5      | Found a snail-covered altar of Cheibriados.
  5085 | D:6      | Noticed Duvessa
  5086 | D:6      | Noticed Dowan
  5160 | D:6      | Found a glowing drain.
  5193 | Sewer    | Entered a sewer
  5576 | D:6      | Killed Duvessa
  5600 | D:5      | Reached XP level 8. HP: 50/70 MP: 3/12
  5690 | D:6      | Reached skill level 5 in Invocations
  5735 | D:6      | Found Ucha's Armour Boutique.
  5771 | D:6      | Killed Dowan
  6733 | D:7      | Reached *** piety under Lugonu
  6772 | D:7      | Learned a level 4 spell: Summon Lightning Spire
  6930 | D:7      | Noticed Joseph
  6936 | D:7      | Found Tiskulah's General Store.
  6948 | D:7      | Killed Joseph
  6949 | D:7      | Reached XP level 9. HP: 23/83 MP: 13/13
  7135 | D:7      | Bought the +1 pair of gloves "Xaefad" {Dex+3} for 296 gold
                  | pieces
  7135 | D:7      | Bought a scroll of poison for 52 gold pieces
  7135 | D:7      | Bought a potion of curing for 39 gold pieces
  7135 | D:7      | Bought a scroll of identify for 26 gold pieces
  7171 | D:7      | Reached skill level 1 in Polearms
  7175 | D:7      | Noticed Maurice
  7183 | D:7      | Something stole a flux talisman
  7331 | D:7      | Found a sacrificial altar of Ru.
  7702 | D:7      | Maurice stole a +2 dagger of venom
  7703 | D:7      | Maurice stole an amulet of the acrobat
  7709 | D:7      | Something stole 11 boomerangs
  7749 | D:7      | Maurice changed into Maurice the water moccasin
  7749 | D:7      | Noticed Maurice
  7755 | D:7      | Killed Maurice the water moccasin
  7819 | D:7      | Found Tiskulah's General Store.
  8097 | D:7      | Found a sacrificial altar of Ru.
  8358 | D:8      | Found a stormy altar of Qazlal.
  8532 | D:8      | Noticed Maggie
  8534 | D:8      | Maggie changed into Maggie the naga
  8534 | D:8      | Noticed Maggie
  8559 | D:8      | Killed Maggie the naga
  8931 | D:8      | Reached skill level 5 in Armour
  8960 | D:8      | Reached skill level 5 in Polearms
  9274 | D:8      | Found an ornate altar of the Wu Jian Council.
  9274 | D:8      | Noticed a two-headed ogre
  9312 | D:8      | Killed a two-headed ogre
  9313 | D:8      | Reached XP level 10. HP: 71/91 MP: 11/14
  9580 | D:8      | Noticed a two-headed ogre
  9623 | D:8      | Killed a two-headed ogre
  9849 | D:9      | Found an opulent altar of Gozag.
  9864 | D:9      | Found Likif's Weapon Boutique.
  9894 | D:9      | Found a hide-covered altar of Uskayaw.
  9974 | D:9      | Reached skill level 10 in Fighting
 10070 | D:9      | Reached **** piety under Lugonu
 10587 | D:10     | Entered Level 10 of the Dungeon
 10624 | D:10     | Paralysed by a hornet for 3 turns
 10878 | D:10     | Found an iron altar of Okawaru.
 11108 | D:10     | Noticed a boulder beetle
 11234 | D:10     | Killed a boulder beetle
 11348 | D:10     | Found a blossoming altar of Fedhas.
 11408 | D:10     | Found a staircase to the Orcish Mines.
 11510 | D:10     | Found Nugouply's Gadget Gallery.
 11665 | D:10     | Reached skill level 10 in Polearms
 11929 | D:11     | Noticed Erolcha
 11981 | D:11     | Killed Erolcha
 11982 | D:11     | Reached XP level 11. HP: 90/99 MP: 14/16
 12019 | D:11     | Found a staircase to the Lair.
 12252 | D:11     | Upgraded the game from 0.32-a0-900-g30fb1b0edc to
                  | 0.32-a0-913-g739538afd8
 12429 | D:11     | Reached skill level 1 in Air Magic
 13505 | D:12     | Noticed a boulder beetle
 13570 | D:12     | Killed a boulder beetle
 14442 | Lair:1   | Entered Level 1 of the Lair of Beasts
 14736 | Lair:1   | Noticed Amaemon
 14766 | Lair:1   | Killed Amaemon
 14767 | Lair:1   | Reached XP level 12. HP: 94/111 MP: 8/18
 14834 | Lair:1   | Found a transporter.
 14836 | Lair:1   | Found a transporter.
 14837 | Lair:1   | Noticed a boulder beetle
 15072 | Lair:1   | Noticed Urug
 15081 | Lair:1   | Urug changed into Urug the glowing orange brain
 15081 | Lair:1   | Noticed Urug
 15088 | Lair:1   | Killed Urug the glowing orange brain
 15642 | Lair:1   | Killed a boulder beetle
 15833 | Lair:2   | Found a dark tunnel.
 15868 | Volcano  | Entered a volcano
 16624 | Lair:2   | Reached ***** piety under Lugonu
 17625 | Lair:2   | Noticed a four-headed hydra
 17631 | Lair:2   | Killed a two-headed hydra
 17884 | Lair:2   | Noticed a six-headed hydra
 17885 | Lair:2   | Corrupted Lair:2
 17885 | Lair:2   | Noticed a reaper
 17885 | Lair:2   | Noticed a profane servitor
 17885 | Lair:2   | Noticed a lich
 17885 | Lair:2   | Succumbed to a black mamba's poison

Illustrated notes

Levels and vault maps discovered:
D:1:      lightli_arrival_boilingwater, layout_rooms, minmay_heptomino_w4
D:2:      layout_loops_corners, shapermc_ecumenical_altar_ellora,
          grunt_ministairs_1
D:3:      layout_loops_ring, lemuel_doored_altar, uniq_terence, uniq_jessica
D:4:      layout_loops_ring, minmay_temple_entry_steel_oval,
          hangedman_abyss_or_decor_passed, minmay_fractal_squares_5
D:5:      layout_cave_pools, mainiacjoe_overflow_tiny_flanked, serial_park,
          serial_park_tiny_pond, serial_park_square2, serial_park_gazebo
          [serial_park_minivault_5x5_4], serial_park_square2
D:6:      layout_basic, serial_shops, shop, cheibrodos_sewer_entry_bend,
          uniq_duvessa
D:7:      nicolae_BIG_FREAKIN_CUBE, layout_cave_pools, hangedman_ru_absence,
          serial_gnoll_camp, gnoll_camp_mini_basic, gnoll_camp_mini_hut,
          gnoll_camp_mini_house, gnoll_camp_mini_shop, gnoll_camp_mini_hut,
          uniq_joseph, uniq_maurice
D:8:      layout_loops_corners, nicolae_qazlal_general_emergency,
          old_standard_altar, minmay_statues_item, uniq_maggie
D:9:      layout_irregular_city, mainiacjoe_overflow_catwalk,
          eat_drink_and_be_merry_uskayaw, serial_shops, shop,
          kennysheep_generic_room_14
D:10:     layout_long_grid, fedhas_altar_fruit_tree,
          mainiacjoe_overflow_24_doors, orc_0_dummy, nicolae_shop_gadgets
D:11:     layout_layer_cave, dpeg_oklobed_lair, minmay_beelzebubs_servants,
          uniq_erolcha
D:12:     layout_basic, nooodl_orcs_dogs
Lair:1:   gammafunk_boulding_lane, layout_regular_city, uniq_urug, uniq_amaemon
Lair:2:   layout_regular_city, nicolae_spider_entry_orb_guardian,
          nicolae_volcano_entry_lava_flow, nicolae_lair_liquid_snakes

Skill      XL: |  1  2  3  4  5  6  7  8  9 10 11 12 |
---------------+-------------------------------------+-----
Fighting       | 1 2 3 4 6 9 10 11 12 | 12.2
Spellcasting   | 2 3 4 |  4.0
Invocations    | 2 3 4 6 7 8 |  8.0
Armour         | 1 3 5 8 |  8.0
Evocations     | 1 2 3 |  3.0
Summonings     | 5 6 7 8 |  8.0
Polearms       | 6 10 11 12 | 12.8
Air Magic      | 2 3 |  3.2
Dodging        | |  1.3
Stealth        | |  1.4

Action                     |  1- 3 |  4- 6 |  7- 9 | 10-12 || total
---------------------------+-------+-------+-------+-------++-------
  Melee: Hand axe          |    24 |       |       |       ||    24
         Spear             |     9 |       |       |       ||     9
         Mace              |    30 |    19 |     3 |       ||    52
         Dagger            |       |    52 |    78 |       ||   130
         Dire flail        |       |       |    57 |       ||    57
         Trident           |       |       |   140 |   444 ||   584
         Bardiche          |       |       |       |    56 ||    56
         Halberd           |       |       |       |    40 ||    40
  Throw: Javelin           |       |     5 |     4 |     3 ||    12
         Dart              |       |       |       |     3 ||     3
   Cast: Summon Small Mamm |    31 |     8 |    43 |    36 ||   118
         Call Imp          |     9 |    27 |    47 |    83 ||   166
         Call Canine Famil |       |    12 |    30 |    56 ||    98
         Summon Lightning  |       |       |       |    50 ||    50
 Invoke: Banish            |       |       |       |     1 ||     1
         Corrupt           |       |       |       |     1 ||     1
  Evoke: Wand              |       |       |     3 |    17 ||    20
    Use: Scroll            |       |     7 |     5 |    12 ||    24
         Potion            |       |       |       |     6 ||     6
   Stab: Distracted        |     1 |       |     7 |    15 ||    23
         Sleeping          |       |       |     2 |       ||     2
 Armour: Robe              |     7 |       |       |       ||     7
         Ring mail         |    23 |       |       |       ||    23
         Scale mail        |    20 |    50 |    95 |       ||   165
         Leather armour    |       |       |   154 |   319 ||   473
         Chain mail        |       |       |       |   102 ||   102
         Plate armour      |       |       |       |    17 ||    17
  Dodge: Dodged            |    26 |    38 |   140 |   189 ||   393

Table legend: (Time is in decaauts)
 A = Elapsed time spent in this place.
 B = Non-inter-level travel time spent in this place.
 C = Inter-level travel time spent in this place.
 D = Time resting spent in this place.
 E = Time spent auto-exploring this place.
 F = Levels seen in this place.
 G = Mean time per level.
                   A        B        C        D        E       F      G
               +--------+--------+--------+--------+--------+-----+--------+
         Total |  17874 |  17266 |    608 |   2858 |  10391 |  16 | 1117.1 |
       Dungeon |  14219 |  13704 |    515 |   1599 |   8959 |  12 | 1184.9 |
          Lair |   2814 |   2721 |     93 |    904 |   1240 |   2 | 1407.0 |
         Sewer |    240 |    240 |      0 |      0 |    192 |   1 |  240.0 |
       Volcano |    600 |    600 |      0 |    355 |      0 |   1 |  600.0 |
               +--------+--------+--------+--------+--------+-----+--------+

Top non-repeatable levels by time:
     D:7: 2011 daAuts
    D:11: 1682 daAuts
  Lair:2: 1448 daAuts
     D:8: 1422 daAuts
  Lair:1: 1366 daAuts
    D:10: 1209 daAuts
     D:4: 1195 daAuts
     D:2: 1189 daAuts
     D:3: 1024 daAuts
     D:5: 1021 daAuts
     D:6: 956 daAuts
    D:12: 897 daAuts
     D:9: 810 daAuts
     D:1: 796 daAuts
 Volcano: 600 daAuts
